 Dungeon Crawl Stone Soup version 0.28-a0-779-g3d1f99b579 (webtiles) character file.

Game seed: 17083504157573674790

39 cheechan the Vexing (level 3, 0/23 HPs)
             Began as an Octopode Arcane Marksman on Nov 2, 2021.
             Slain by a jackal (3 damage)
             ... on level 2 of the Dungeon.
             The game lasted 00:03:54 (737 turns).

cheechan the Vexing (Octopode Arcane Marksman)       Turns: 737, Time: 00:03:55

Health: 0/23       AC:  1    Str:  9    XL:     3   Next: 47%
Magic:  4/4        EV: 12    Int: 15    God:
Gold:   50         SH:  3    Dex: 13    Spells: 3/4 levels left

rFire   . . .      SeeInvis .   a - +1 hand crossbow
rCold   . . .      Faith    .   h - +0 buckler
rNeg    . . .      Spirit   .   (helmet restricted)
rPois   .          Reflect  .   (no amulet)
rElec   .          Harm     .   (no ring)
rCorr   .          Rampage  .   (no ring)
Will    .....                   (no ring)
Stlth   ++........              (no ring)
HPRegen 0.07/turn               (no ring)
MPRegen 0.09/turn               (no ring)
                                (no ring)
                                (no ring)

@: no status effects
A: almost no armour, amphibious, 8 rings, camouflage 1, gelatinous body 1,
(nimble swimmer 1), tentacles
a: no special abilities


You were on level 2 of the Dungeon.
You visited 1 branch of the dungeon, and saw 2 of its levels.

You collected 50 gold pieces.

Inventory:

Hand Weapons
 a - a +1 hand crossbow (weapon)
 e - a +0 hunting sling
 g - a +0 dagger
Missiles
 b - 25 sling bullets
 c - 33 bolts (quivered ammo)
 d - 36 stones
 i - 21 arrows
Armour
 h - a +0 buckler (worn)
Potions
 f - a potion of might {unknown}


   Skills:
 + Level 1.3 Fighting
 + Level 2.8 Crossbows
 + Level 2.0 Dodging
 + Level 0.2 Stealth
 + Level 1.0 Spellcasting
 + Level 3.6 Hexes


You had 3 spell levels left.
You knew the following spells:

 Your Spells              Type           Power      Damage    Failure   Level
a - Slow                  Hex            44%        N/A       10%         1

Your spell library contained the following spells:

 Spells                   Type           Power      Damage    Failure   Level
 Inner Flame              Hex/Fire       6%         N/A       52%         3
 Portal Projectile        Hex/Tloc       12%        N/A       52%         3
 Cause Fear               Hex            5%         N/A       67%         4


Dungeon Overview and Level Annotations

Branches:
Dungeon (2/15)

Altars:

Shops:
D:1 (


Innate Abilities, Weirdness & Mutations

You cannot wear most types of armour.
You are amphibious.
You can wear up to eight rings at the same time.
Your skin changes colour to match your surroundings (Stealth+).
Your rubbery body absorbs attacks. (AC +1, EV +1)
((You are camouflaged near water. (Stealth+)))
You have tentacles for arms and can constrict up to eight enemies at once.


Message History

2 jackals come into view.
Found 9 gold pieces.
The jackal barks!
You hear an angry hiss.
The jackal barely misses you. The jackal misses you.
Things that are here:
3 bolts; a jackal corpse Fire: 38 bolts
Press: ? - help, Q - select action, (/) - cycle Shift-Dir - straight line, f - jackal
Aim: a jackal (56% to hit)
You shoot a bolt. The bolt closely misses the jackal.
The jackal completely misses you. The jackal closely misses you.
The jackal bites you but does no damage.
The jackal completely misses you.
Fire: 37 bolts
Press: ? - help, Q - select action, (/) - cycle Shift-Dir - straight line, f/p - jackal
Aim: a jackal (56% to hit)
You shoot a bolt. The bolt hits the jackal.
You kill the jackal!
The jackal bites you.
* * * LOW HITPOINT WARNING * * *
The jackal barely misses you.
Fire: 36 bolts
Press: ? - help, Q - select action, (/) - cycle Shift-Dir - straight line, f - jackal
Aim: a jackal (56% to hit)
You shoot a bolt.
The bolt hits the jackal but does no damage.
You block the jackal's attack. The jackal completely misses you.
Fire: 35 bolts
Press: ? - help, Q - select action, (/) - cycle Shift-Dir - straight line, f/p - jackal
Aim: a jackal (56% to hit)
You shoot a bolt.
The bolt hits the jackal but does no damage.
The jackal barely misses you. The jackal bites you.
* * * LOW HITPOINT WARNING * * *
Fire: 34 bolts
Press: ? - help, Q - select action, (/) - cycle Shift-Dir - straight line, f/p - jackal
Aim: a jackal (56% to hit)
You shoot a bolt. The bolt barely misses the jackal.
The jackal bites you.
You die...

#### ## #.. .. #.#
#.
########.########.
#@(.....(......##.
#h######.#####...<
#.# #.# #.... #.#
#.# #.##. #.# #.#
#.##. ..# #.#
#.##) $(. #.#
#.##) ###
#.#####.##.
#..........


You could see a jackal.

Vanquished Creatures
  An adder (D:2)
  A dart slug (D:2)
  2 bats (D:1)
  An endoplasm (D:1)
  3 giant cockroaches (D:1)
  3 goblins
  6 jackals
  2 kobolds (D:1)
  A quokka (D:1)
  3 ball pythons (D:1)
  A frilled lizard (D:1)
  A rat (D:1)
25 creatures vanquished.

Notes
Turn   | Place    | Note
-------+----------+-------------------------------------------
     0 | D:1      | cheechan the Octopode Arcane Marksman began the quest for
                  | the Orb.
     0 | D:1      | Reached XP level 1. HP: 13/13 MP: 2/2
    76 | D:1      | Found Muxkuruu's Antique Weapon Shoppe.
   183 | D:1      | Found a faded altar of an unknown god.
   230 | D:1      | Reached XP level 2. HP: 18/18 MP: 3/3
   685 | D:2      | Reached XP level 3. HP: 2/23 MP: 4/4
   737 | D:2      | Slain by a jackal

Illustrated notes

Levels and vault maps discovered:
D:1:      tarquinn_simple_flora_water_c, layout_rooms,
          chequers_ecumenical_altar_simple_redux, serial_shops,
          nicolae_diamond_shop, minmay_ruptured
D:2:      layout_loops_ring, st_stairs_5, grunt_ministairs_1, minmay_cut_off

Action                   || total
-------------------------++-------
 Fire: Hand crossbow     ||    62
  Use: Scroll            ||     2
Armor: Skin              ||    12
Dodge: Dodged            ||    39
Block: Buckler           ||     2

Table legend: (Time is in decaauts)
 A = Elapsed time spent in this place.
 B = Non-inter-level travel time spent in this place.
 C = Inter-level travel time spent in this place.
 D = Time resting spent in this place.
 E = Time spent auto-exploring this place.
 F = Levels seen in this place.
 G = Mean time per level.
                   A        B        C        D        E       F      G
               +--------+--------+--------+--------+--------+-----+--------+
         Total |    763 |    763 |      0 |      0 |      0 |   2 |  381.5 |
       Dungeon |    763 |    763 |      0 |      0 |      0 |   2 |  381.5 |
               +--------+--------+--------+--------+--------+-----+--------+

Top non-repeatable levels by time:
     D:1: 688 daAuts
     D:2: 74 daAuts
